 Dungeon Crawl Stone Soup version 0.21-a0-525-ga34b322 (webtiles) character file.

1671 Spazmo the Thaumaturge (level 8, -7/41 HPs)
             Began as a Deep Elf Fire Elementalist on Dec 6, 2017.
             Mangled by an orc warrior
             ... wielding a +0 glaive
              (17 damage)
             ... on level 6 of the Dungeon.
             The game lasted 00:15:02 (5919 turns).

Spazmo the Thaumaturge (Deep Elf Fire Elementalist) Turns: 5919, Time: 00:15:02

Health: -7/41      AC:  6    Str:  5    XL:     8   Next: 70%
Magic:  11/22      EV: 13    Int: 23    God:
Gold:   270        SH:  0    Dex: 15    Spells: 9/24 levels left

rFire    . . .     SeeInvis .   e - +0 short sword
rCold    . . .     Gourm    .   (no shield)
rNeg     . . .     Faith    .   a - +0 robe
rPois    .         Spirit   .   k - +0 helmet
rElec    .         Reflect  .   (no cloak)
rCorr    .         Harm     .   y - +0 pair of gloves
MR       .....                  (no boots)
Stlth    +++.......             (no amulet)
HPRegen  0.13/turn              C - ring of stealth
MPRegen  0.18/turn              t - +2 ring of protection

@: no status effects
A: no striking features
a: no special abilities


You were on level 6 of the Dungeon.
You were hungry.

You visited 1 branch of the dungeon, and saw 6 of its levels.

You collected 270 gold pieces.

Inventory:

Hand Weapons
 e - a +0 short sword (weapon)
 j - a -1 blowgun
Missiles
 d - 226 stones (quivered)
 o - 17 poisoned needles
Armour
 a - a +0 robe (worn)
 k - a +0 helmet (worn)
 y - a +0 pair of gloves (worn)
Jewellery
 l - a +1 ring of slaying
 t - a +2 ring of protection (right hand)
 C - a ring of stealth (left hand)
Wands
 v - a wand of enslavement (19)
 A - a wand of digging (36)
Scrolls
 f - 2 scrolls of identify
 p - a scroll of amnesia
 x - 6 scrolls of teleportation
Potions
 g - 4 potions of curing
 h - a potion of resistance
 i - a potion of agility
 r - a potion of mutation
 s - a potion of might
 u - a potion of berserk rage {unknown}
 w - a potion of magic {unknown}
 B - a potion of heal wounds
 D - a potion of degeneration {unknown}
Books
 b - a book of Flames

   Spells                             Type                      Level
   a - Flame Tongue                   Conjuration/Fire             1
   b - Throw Flame                    Conjuration/Fire             2
   c - Conjure Flame                  Conjuration/Fire             3
   d - Inner Flame                    Hexes/Fire                   3
   e - Sticky Flame                   Conjuration/Fire             4
   f - Fireball                       Conjuration/Fire             5
Comestibles
 c - 6 bread rations
 m - 2 royal jellies
 n - 3 meat rations
 q - 2 chunks of flesh
 z - a fruit


   Skills:
 - Level 3.0 Dodging
 - Level 3.0 Stealth
 + Level 8.8 Spellcasting
 + Level 6.8 Conjurations
 + Level 7.6 Fire Magic


You had 9 spell levels left.
You knew the following spells:

 Your Spells              Type           Power        Failure   Level  Hunger
a - Flame Tongue          Conj/Fire      #####        1%          1    None
b - Throw Flame           Conj/Fire      #####.       1%          2    None
c - Conjure Flame         Conj/Fire      #####...     1%          3    None
d - Sticky Flame          Conj/Fire      #####...     3%          4    ##.....
e - Fireball              Conj/Fire      #####.....   9%          5    ####...


Dungeon Overview and Level Annotations

Branches:
Dungeon (6/15)
 Temple: D:4-7

Altars:
Ashenzari
Makhleb
Trog


Message History

The fireball explodes!
The fireball engulfs the orc warrior.
The orc warrior is moderately wounded.
The fireball engulfs the orc wizard.
You kill the orc wizard!
You are feeling hungry.
You hear a shout! x2
An orc comes into view. It is wielding a whip.
The orc warrior hits you with a glaive!!
Ouch! That really hurt!
* * * LOW HITPOINT WARNING * * *
Casting: Fireball
Confirm with . or Enter, or press ? or * to list all spells.
Aiming: Sticky Flame
Press: ? - help, Shift-Dir - straight line, f/p - orc warrior
Aim: an orc warrior, wielding a glaive and wearing a chain mail (moderately wounded)
The sticky flame hits the orc warrior.
The orc warrior is heavily wounded.
The orc warrior is covered in liquid flames!
The orc warrior burns!
The orc warrior hits you with a glaive!
You die...

#..##.#........###...
##...<...............
#.##.##........##.##
#######...................
#........#...........##.##
#.....)..#.#.......#....#.
#..........###............
#..........# #....###.....
#........@.# #..######....
#........o...o......#.....
#...........##............
#........#).# ..........
#........#..# ......o..
........#..) .........
####### .##. ......... .#
.. ........) .........


You could see an orc warrior (burning) and an orc.

Vanquished Creatures
  Menkaure (D:4)
  Duvessa (D:6)
  An ice beast (D:6)
  An orc warrior (D:6)
  3 ogres
  A bullfrog (D:6)
  Dowan (D:6)
  A scorpion (D:5)
  3 howler monkeys (D:4)
  A hound (D:5)
  A bullfrog skeleton (D:4)
  A jelly (D:5)
  7 orc wizards
  Jessica (D:2)
  Terence (D:2)
  4 worker ants
  Robin (D:2)
  3 gnolls (D:6)
  6 adders
  A shadow imp (D:6)
  An ooze (D:3)
  An adder zombie (D:5)
  6 worms
  A dart slug (D:5)
  4 leopard geckos
  30 orcs
  A ball python (D:3)
  14 giant cockroaches
  14 goblins
  9 hobgoblins
  10 jackals
  11 kobolds
  A quokka (D:2)
  A ball python skeleton (D:4)
  8 bats
  A frilled lizard (D:1)
  A leopard gecko skeleton (D:5)
  A quokka zombie (D:6)
  11 rats
166 creatures vanquished.

Notes
Turn   | Place    | Note
-------+----------+-------------------------------------------
     0 | D:1      | Spazmo the Deep Elf Fire Elementalist began the quest for the Orb.
     0 | D:1      | Reached XP level 1. HP: 10/10 MP: 6/6
   121 | D:1      | Reached XP level 2. HP: 15/15 MP: 0/8
   548 | D:1      | Reached XP level 3. HP: 19/19 MP: 5/9
   553 | D:1      | Learned a level 3 spell: Conjure Flame
   556 | D:1      | Learned a level 2 spell: Throw Flame
  1105 | D:2      | Noticed Robin
  1208 | D:2      | Killed Robin
  1208 | D:2      | Reached skill level 4 in Spellcasting
  1208 | D:2      | Reached XP level 4. HP: 17/24 MP: 7/12
  1322 | D:2      | Learned a level 4 spell: Sticky Flame
  1375 | D:2      | Found a faded altar of an unknown god.
  1613 | D:2      | Noticed Terence
  1637 | D:2      | Killed Terence
  1839 | D:2      | Noticed Jessica
  1845 | D:2      | Killed Jessica
  1845 | D:2      | Reached XP level 5. HP: 28/28 MP: 10/13
  2536 | D:3      | Reached skill level 5 in Spellcasting
  2691 | D:3      | Reached XP level 6. HP: 18/32 MP: 5/15
  2797 | D:3      | Learned a level 5 spell: Fireball
  3167 | D:4      | Reached skill level 5 in Fire Magic
  3221 | D:4      | Noticed Menkaure
  3261 | D:4      | HP: 1/32 [orc wizard/dagger (2)]
  3674 | D:4      | Reached skill level 6 in Spellcasting
  3791 | D:4      | Killed Menkaure
  3791 | D:4      | Reached XP level 7. HP: 19/36 MP: 7/18
  3955 | D:4      | Reached skill level 5 in Conjurations
  3996 | D:4      | Found a burning altar of Makhleb.
  3996 | D:4      | Found a shattered altar of Ashenzari.
  4225 | D:5      | Entered Level 5 of the Dungeon
  4373 | D:5      | Reached skill level 7 in Spellcasting
  4645 | D:5      | Reached XP level 8. HP: 37/41 MP: 13/21
  5101 | D:5      | Found a bloodstained altar of Trog.
  5427 | D:6      | Noticed Duvessa
  5430 | D:6      | Noticed Dowan
  5439 | D:6      | Killed Duvessa
  5441 | D:6      | Killed Dowan
  5441 | D:6      | Reached skill level 8 in Spellcasting
  5919 | D:6      | Mangled by an orc warrior

Vault maps used:
D:1:      dpeg_arrival_simpleton_a, minmay_misc_feat_enclosed
D:2:      chequers_ecumenical_altar_simple, first_bread, uniq_terence,
          uniq_jessica, uniq_robin
D:3:      minmay_roachtagon
D:4:      gammafunk_temple_overflow_elements, uniq_menkaure
D:5:      cheibrodos_fzero, basic_altar
D:6:      lemuel_coloured_pillars_altar, uniq_duvessa

Skill      XL: |  1  2  3  4  5  6  7  8 |
---------------+-------------------------+-----
Stealth        | 3 |  3.0
Dodging        | 3 |  3.0
Conjurations   | 2 3 4 5 6 |  6.8
Spellcasting   | 4 5 6 7 8 |  8.8
Fire Magic     | 4 5 6 7 |  7.6

Action                   |  1- 3 |  4- 6 |  7- 9 || total
-------------------------+-------+-------+-------++-------
Melee: Unarmed           |     4 |       |       ||     4
       Short sword       |       |    47 |       ||    47
       Dagger            |       |       |    90 ||    90
 Cast: Flame Tongue      |    81 |   153 |    83 ||   317
       Conjure Flame     |       |     1 |       ||     1
       Throw Flame       |       |     2 |    17 ||    19
       Sticky Flame      |       |     1 |    10 ||    11
       Fireball          |       |       |     1 ||     1
Evoke: Wand              |       |       |     1 ||     1
  Use: Scroll            |     2 |     7 |     6 ||    15
       Potion            |       |     4 |     2 ||     6
  Eat: Chunk             |     1 |     8 |     5 ||    14
       Royal jelly       |       |       |     1 ||     1
Armor: Robe              |     5 |    35 |    33 ||    73
Dodge: Dodged            |    27 |   102 |    65 ||   194

Table legend:
 A = Spawn XP
 B = Non-spawn XP
 C = Spawn XP percentage of total XP
 D = Spawn monster count
 E = Non-spawn monster count
 F = Spawn count percentage of total count
 G = Total turns spent on level
                    A         B        C        D         E        F      G
               +---------+---------+-------+---------+---------+-------+---------
         Total |       0 |    2388 |   0.0 |       0 |     166 |   0.0 |  5919
               +---------+---------+-------+---------+---------+-------+---------
           D:1 |       0 |      51 |   0.0 |       0 |      30 |   0.0 |   984
           D:2 |       0 |     175 |   0.0 |       0 |      39 |   0.0 |  1147
           D:3 |       0 |     254 |   0.0 |       0 |      37 |   0.0 |  1111
           D:4 |       0 |     596 |   0.0 |       0 |      18 |   0.0 |  1008
           D:5 |       0 |     389 |   0.0 |       0 |      16 |   0.0 |  1092
           D:6 |       0 |     923 |   0.0 |       0 |      26 |   0.0 |   577
               +---------+---------+-------+---------+---------+-------+---------
